[Event "European Women Blitz-ch 2024"]
[Site "Monaco"]
[Date "2025.01.10"]
[Round "7.11"]
[White "Sabiani, Chjara"]
[Black "Cramling Bellon, Anna"]
[Result "1/2-1/2"]
[Annotator "TA"]
[ECO "A57"]
[WhiteElo "1835"]
[BlackElo "2052"]
[PlyCount "100"]
[EventDate "2025.01.06"]
[EventType "swiss"]
[EventCountry "MNC"]
[SourceTitle "playchess.com"]
[Source "ChessBase"]
[SourceQuality "1"]
[TimeControl "180+2"]

1. d4 Nf6 2. c4 c5 3. d5 b5 4. cxb5 a6 5. Nc3 g6 6. e4 {[%emt 0:00:02] Threatens to win with e5.} d6 7. Bd2 Bg7 8. a4 O-O 9. Nf3 Nbd7 10. h3 Qa5 (10... e6 $142) 11. Bd3 $16 axb5 12. Nxb5 Qb6 13. O-O Ba6 14. Qe2 Rfb8 15. Bc3 Ne8 16. e5 (16. Rfc1) 16... dxe5 17. Nxe5 Nxe5 18. Bxe5 Bxe5 19. Qxe5 Rb7 20. Rfe1 {[%emt 0:00:37] White has more active pieces.} Rd8 {[%emt 0:00:02] [#]} 21. d6 Nxd6 (21... Bxb5 $11 22. axb5 (22. Bxb5 Nxd6 23. Bf1 Ra8 $11) 22... Qxd6) 22. a5 Qc6 23. Nxd6 Qxd6 24. Bxa6 Qxa6 25. Rad1 $2 {[%emt 0:00:04] Prevents Rd2} (25. Qxc5 $16 Rxb2 26. Qxe7 (26. Rxe7 Qf6 $16)) 25... Rc8 26. Re3 (26. Qc3 $11) 26... Qxa5 $17 27. Red3 Qc7 28. Qe2 Rcb8 29. R1d2 h5 30. Rc3 Qb6 31. Rdc2 Rc8 32. Qe5 Rbc7 33. Qg5 Qf6 (33... c4 $17) 34. Qd5 (34. Qxf6 $11 exf6 35. Kh2) 34... Kg7 (34... e6 {simplifies} 35. Qd6 Rb7 36. Rxc5 Rxc5 37. Qxc5 Rxb2 38. Rxb2 Qxb2 39. Qe3 Qb1+) 35. Rc4 Qd6 36. Qf3 Rd8 (36... Ra7 $17) 37. Qc3+ (37. b4 $11 {remains equal.}) 37... f6 38. Rxc5 Qd1+ ({Better is} 38... Rxc5 $17 39. Qxc5 Qxc5 40. Rxc5 Rd1+ 41. Kh2 Rd2) 39. Kh2 $11 Qd6+ (39... Ra7 $11) 40. Kg1 $17 Ra7 (40... Rxc5 $17 41. Qxc5 Qxc5 42. Rxc5 Rd1+ 43. Kh2 Rd2) 41. Ra5 (41. Rc1 $11) 41... Qd1+ 42. Kh2 Qd6+ $40 {[%emt 0:00:04][%mdl 128] White needs to defend precisely.} 43. Kg1 Rda8 (43... Qb8 $15 44. Rc1 Rxa5 45. Qxa5 Qxb2) 44. Rxa7 $11 Rxa7 {[%emt 0:00:01][%cal Ba8a7,Ba7b7,Bb7b5,Bb5e5][%mdl 4128] Endgame KQR-KQR} 45. b4 Rb7 46. Rb2 Rb5 47. Qc4 Qb6 48. g3 Re5 49. Kg2 Qb7+ 50. Kf1 $2 (50. f3 $11) 50... Qh1# 1/2-1/2

[Event "European Women Blitz-ch 2024"]
[Site "Monaco"]
[Date "2025.01.10"]
[Round "7.12"]
[White "Injac, Teodora"]
[Black "Hrebenshchykova, Yelyzaveta"]
[Result "1-0"]
[Annotator "TA"]
[ECO "E62"]
[WhiteElo "2453"]
[BlackElo "2280"]
[PlyCount "59"]
[EventDate "2025.01.06"]
[EventType "swiss"]
[EventCountry "MNC"]
[SourceTitle "playchess.com"]
[Source "ChessBase"]
[SourceQuality "1"]
[TimeControl "180+2"]

1. Nf3 Nf6 2. g3 g6 3. Bg2 Bg7 4. d4 O-O 5. O-O c6 6. c4 d6 7. Nc3 Qb6 {[%emt 0:00:01] [#]} 8. c5 $1 dxc5 9. Na4 Qd8 10. Nxc5 Nbd7 11. Nd3 a5 12. Re1 Ne4 13. Nfe5 Ndf6 14. Be3 (14. e3 $14) 14... a4 15. Qc2 Bf5 $2 (15... Qa5 $11 {and Black has nothing to worry.}) 16. g4 $1 $18 Bxg4 (16... Nxg4 $142 17. Nxg4 Bxg4) 17. Nxg4 $2 ({White should try} 17. Bxe4 $18 {Hoping for Bg2.} Nxe4 18. Nxg4) 17... Nxg4 $14 18. Bxe4 Bxd4 $2 (18... Qd6 $1 $14 19. Qd2 Qxh2+ (19... Nxh2 20. Qb4 $16) 20. Kf1 Nxe3+ 21. Qxe3 Rad8) 19. Bxd4 $18 Qxd4 20. Bf3 Nh6 21. Rad1 Ra5 $2 (21... Qh4 22. Bg2 Rfd8) 22. Qd2 Rf5 23. Qxh6 e5 24. Qe3 Qh4 25. Kh1 Re8 26. Qe4 Qf6 27. Rg1 h5 28. Bg2 Rd8 29. Bh3 Rd4 30. Qxf5 1-0

[Event "European Women Blitz-ch 2024"]
[Site "Monaco"]
[Date "2025.01.10"]
[Round "7.13"]
[White "Charkhalashvili, Inga"]
[Black "Maisuradze, Nino"]
[Result "1/2-1/2"]
[Annotator "TA"]
[ECO "A32"]
[WhiteElo "2240"]
[BlackElo "2174"]
[PlyCount "125"]
[EventDate "2025.01.06"]
[EventType "swiss"]
[EventCountry "MNC"]
[SourceTitle "playchess.com"]
[Source "ChessBase"]
[SourceQuality "1"]
[TimeControl "180+2"]

1. d4 Nf6 2. c4 e6 3. Nf3 c5 4. Nc3 cxd4 5. Nxd4 a6 6. a3 Qc7 7. e3 Nc6 8. Be2 b6 9. Nxc6 dxc6 10. O-O Bd6 11. f4 e5 12. Bf3 exf4 13. exf4 O-O 14. h3 (14. Ne4 $11 {remains equal.} Nxe4 (14... Bxf4 $2 15. Nxf6+ gxf6 16. Bxf4 $18) 15. Bxe4) 14... Be6 (14... Bxf4 15. Bxf4 Qxf4 16. Bxc6 Qe3+ 17. Kh1 $16) 15. Ne4 $1 Nxe4 16. Bxe4 f5 17. Bd3 Bc5+ 18. Kh1 Rad8 19. Qc2 Qd6 20. Be2 Kh8 21. Rd1 (21. b4 $5 Bd4 $8 22. Bb2 $11) 21... Qe7 22. Bd2 Qh4 23. Bf3 Bd6 (23... Rd4 {with more complications.} 24. Bc3 Rxd1+ 25. Rxd1 Qxf4 26. Bxc6 Bd6) 24. Qc1 c5 25. Be3 Bf7 26. Bd5 Bh5 27. Rf1 Bg4 28. Kh2 (28. Qe1 {simplifies} Qxe1 29. Rfxe1 Bh5 30. b4) 28... Rf6 29. Bf2 Qh6 30. Bg3 Be2 31. Rf2 Bd3 32. Qc3 Be4 33. Rd1 Rdf8 34. Qe3 Bxd5 35. Rxd5 Qg6 36. Qd3 Re6 37. Rd2 Be7 (37... Rff6 $11) 38. Rd7 (38. Re2 $14) 38... Bf6 39. b4 Bd4 40. bxc5 $2 (40. Bf2 $14 {keeps the upper hand.}) 40... bxc5 $2 (40... Re3 $1 $19 41. Qxe3 Bxe3) 41. Re2 ({Better is} 41. Bf2 $14) 41... Re4 $15 42. Rxe4 fxe4 43. Qe2 Qe6 44. Rb7 (44. Qg4 $5 Qxc4 45. Bf2 $11) 44... e3 $36 {[%emt 0:00:02][%mdl 2048] White is under pressure.} 45. Be1 (45. a4 $1 $15) 45... h6 {[%emt 0:00:01][%cal Oe6e4] Strongly threatening ...Qe4!.} (45... Rxf4 $2 46. Rb8+ $18) 46. g3 Rd8 ({Black should try} 46... Kg8 $17 47. Rb3 Qc6) 47. Ba5 $1 $11 Re8 48. Rb6 {[%emt 0:00:01] Wards off Qc6} Qe4 (48... Qg8 $15) 49. Rxa6 (49. Be1 $11) 49... Qb1 (49... Rb8 $15 50. Rb6 Rxb6 51. Bxb6 Qa8) 50. Kg2 $2 (50. Rb6 $11 Qe4 51. Rb5) 50... Qb2 $2 (50... Qb7+ $19 51. Rc6 Qxc6+ 52. Qf3 Qa4) 51. Qxb2 $14 Bxb2 {[%emt 0:00:01][%mdl 4096] Endgame KRB-KRB. White is a pawn up.} 52. Be1 Rd8 53. Kf3 Rd1 54. Ke2 Ra1 (54... Rc1 $1 $11) 55. a4 Ra3 (55... Bd4 $142) 56. a5 $16 Bd4 57. Ra8+ Kh7 58. a6 Ra2+ 59. Kf3 Ra1 {[%emt 0:00:01] [#]} (59... g6 $16 {is a better defense.}) 60. Ke2 (60. a7 $1 $18) 60... Ra2+ $1 61. Kf3 (61. Kd3 $16) 61... Ra1 $18 {[%emt 0:00:01] [#]} 62. Ke2 (62. a7 $1 $18) 62... Ra2+ $1 $16 63. Kf3 ({White must play} 63. Kd3 $16) 1/2-1/2

[Event "European Women Blitz-ch 2024"]
[Site "Monaco"]
[Date "2025.01.10"]
[Round "7.14"]
[White "Kanyamarala, Trisha"]
[Black "Piddubna, Bozhena"]
[Result "0-1"]
[Annotator "TA"]
[ECO "A40"]
[WhiteElo "2158"]
[BlackElo "2152"]
[PlyCount "102"]
[EventDate "2025.01.06"]
[EventType "swiss"]
[EventCountry "MNC"]
[SourceTitle "playchess.com"]
[Source "ChessBase"]
[SourceQuality "1"]
[TimeControl "180+2"]

1. d4 Nf6 2. Nf3 g6 3. Nbd2 Bg7 4. e4 O-O 5. Bd3 d6 6. O-O c5 7. d5 e6 8. c4 Nh5 9. Re1 e5 10. g3 Bg4 11. Bf1 f5 (11... Bh6 $14) 12. h3 $16 Bxf3 13. Qxf3 ({White should try} 13. Nxf3 $16 {Strongly threatening exf5.} f4 14. g4) 13... Nd7 (13... Bh6 $14) 14. exf5 Rxf5 15. Qg2 (15. Qb3 $16) 15... Bh6 $1 $14 16. Bd3 Rf8 17. Ne4 Bxc1 18. Raxc1 Qe7 19. Be2 Ng7 20. h4 Nf6 21. Ng5 h6 22. Ne4 Nxe4 23. Qxe4 Qf6 24. Rf1 Nf5 25. Bd3 Kg7 26. Qg4 h5 27. Qh3 (27. Qe4 $11 {keeps the balance.}) 27... Nd4 $17 28. Qg2 $2 (28. Rcd1 $17 {was worth a try.}) 28... Rf7 $2 ({Black should play} 28... e4 $1 $19 29. Qxe4 Nf3+ (29... Rae8 $2 30. Qg2 $19) 30. Kg2 Rae8 (30... Qxb2 31. Qxg6+ Kh8 32. Qh7#)) 29. Qe4 {[%emt 0:00:01] [#]} (29. f4 $11) 29... Raf8 (29... Nf3+ $1 $19 30. Kg2 Nd2) 30. f4 {[%emt 0:00:02] [#]} exf4 (30... Qf5 $1 $17 {[%cal Rf5e4] and ...Qxe4 would now be decisive} 31. Qxd4 cxd4 (31... exd4 32. Bxf5 Rxf5 33. Rfe1 $11) 32. Bxf5 Rxf5 (32... gxf5 33. Rfd1 $17) 33. fxe5 Rxe5) 31. Rxf4 $15 Nf5 $36 {[%emt 0:00:00][%mdl 2048] Black fights for an advantage.} 32. Qf3 $2 (32. Rc2 $15) 32... Qxb2 $19 (32... Nxh4 33. Qe3 Re7 (33... Qxb2 $2 34. Rxf7+ Rxf7 35. gxh4 $18) 34. Rxf6) 33. Rf1 Qe5 (33... Qxa2 34. Bxf5 Rxf5 35. Qc3+ Kg8 36. Ra1 $11) 34. Bxf5 Rxf5 35. Rxf5 Rxf5 {[%emt 0:00:01][%mdl 4096] Endgame KQR-KQR. Black is a pawn up.} ({Less strong is} 35... gxf5 36. Rf2 $17) 36. Qg2 $2 (36. Qb3) 36... Qd4+ (36... Rxf1+ $142 37. Qxf1 Qxg3+ 38. Kh1 Qxh4+ 39. Kg1 Qd4+ 40. Kg2 Qe4+ 41. Kh2 g5 42. Qa1+ Qe5+ 43. Qxe5+ dxe5) 37. Kh2 Qxc4 38. Rxf5 $2 (38. Qb2+ Qd4 39. Qxb7+ Kf6 40. Rxf5+ gxf5 41. Qc8 Qxd5 42. Qh8+ Kg6 43. Qe8+ Qf7 44. Qe2) 38... gxf5 {[%emt 0:00:01] KQ-KQ. Black is two pawns up.} 39. Qb2+ Kg6 40. Qxb7 Qe2+ 41. Kh3 Qf1+ ({And not} 41... Qxa2 42. Qc6 Qe2 43. Qxd6+ Kf7 44. Qc7+ Kg6 45. Qd6+ Kf7 46. Qxc5 $11) 42. Kh2 f4 43. gxf4 Qxf4+ 44. Kh3 Qe3+ 45. Kg2 Qd2+ 46. Kf3 Qxa2 47. Qe7 $2 (47. Qa8 Qb3+ 48. Ke2 Qc2+ 49. Ke3) 47... Qb3+ (47... Qxd5+ $142 48. Kf2 Qf7+ 49. Qxf7+ Kxf7) 48. Ke2 Qc4+ 49. Kd2 Qf4+ 50. Kc3 $2 (50. Kd3 $19) 50... Qf6+ 51. Qxf6+ Kxf6 0-1

[Event "European Women Blitz-ch 2024"]
[Site "Monaco"]
[Date "2025.01.10"]
[Round "7.15"]
[White "Shvedova, Alexandra"]
[Black "Benmesbah, Natacha"]
[Result "1-0"]
[Annotator "TA"]
[ECO "B12"]
[WhiteElo "2266"]
[BlackElo "2259"]
[PlyCount "49"]
[EventDate "2025.01.06"]
[EventType "swiss"]
[EventCountry "MNC"]
[SourceTitle "playchess.com"]
[Source "ChessBase"]
[SourceQuality "1"]
[TimeControl "180+2"]

1. e4 c6 2. d4 d5 3. e5 c5 4. dxc5 e6 5. Nf3 Bxc5 6. Bd3 f6 7. O-O Nc6 8. Qe2 Nd4 $2 {[%emt 0:00:43][%mdl 8192] Repels c4} (8... fxe5 $11 9. Nxe5 Nxe5 10. Qxe5 Nf6) 9. Nxd4 $18 Bxd4 {[%emt 0:00:01] [#]} 10. Qh5+ $2 (10. Qg4 $1 $18 Ne7 11. Qxd4) 10... Kf8 $16 11. exf6 (11. Bxh7 $2 Bxe5 12. Re1 Qc7 13. Rxe5 fxe5 $19 (13... Qxe5 14. Qxe5 fxe5 15. Bd3 $15)) 11... Nxf6 12. Qh4 Bb6 13. Bf4 Bd7 14. Nd2 {[%emt 0:00:05][%cal Bb1d2,Bd2f3,Bf3g5][%mdl 32] Prevents Ne4. White is more active.} Kf7 15. Nf3 Rf8 $2 (15... Kg8 16. Ne5 Be8) 16. Ng5+ $18 (16. Bxh7 Rh8 $18) 16... Ke8 $2 (16... Ke7 17. Be5 (17. Nxh7 Rh8 $18) 17... Bc7) 17. Bd6 {[%emt 0:00:19][%cal Oa1e1] Hoping for Rae1!.} Ne4 18. Bxe4 {[%emt 0:00:12] White threatens Qh5+ and mate.} ({Less strong is} 18. Bxf8 Nxg5 19. Qb4 (19. Bxg7 $2 Nf3+ 20. gxf3 Qxh4 $19) 19... a5 $18) 18... dxe4 19. Bxf8 Kxf8 20. Qxh7 $2 (20. Qf4+ Kg8 21. Qf7+ (21. Nxe4 Qe7 $18) 21... Kh8 22. Qh5 (22. Nxe6 Bxe6 23. Qxe6 Qe8 $18) (22. Nxe4 Bb5 $18) 22... Qxg5 23. Qxg5) 20... Qxg5 21. Qh8+ (21. Qxe4 $2 {perishes.} Bc6 22. h4 Qg3 $19 (22... Bxe4 $2 23. hxg5 Rc8 24. Rfe1 $19)) 21... Ke7 22. Qxa8 e5 $2 (22... Bc6) 23. Qxb7 Ke8 24. Rad1 e3 25. Qxd7+ 1-0

[Event "European Women Blitz-ch 2024"]
[Site "Monaco"]
[Date "2025.01.10"]
[Round "7.16"]
[White "Prado Acebo, Ines"]
[Black "Toncheva, Nadya"]
[Result "0-1"]
[Annotator "TA"]
[ECO "D17"]
[WhiteElo "2176"]
[BlackElo "2313"]
[PlyCount "64"]
[EventDate "2025.01.06"]
[EventType "swiss"]
[EventCountry "MNC"]
[SourceTitle "playchess.com"]
[Source "ChessBase"]
[SourceQuality "1"]
[TimeControl "180+2"]

1. d4 d5 2. c4 c6 3. Nc3 Nf6 4. Nf3 dxc4 5. a4 Bf5 6. Ne5 Nbd7 7. Nxc4 Qc7 8. g3 e5 9. dxe5 Nxe5 10. Bf4 Nfd7 11. Ne3 Be6 12. a5 a6 13. Bg2 Be7 (13... h6 $15) 14. h4 Rd8 15. Qc2 Nc5 16. O-O O-O (16... Bb3 $11 17. Qc1 (17. Qf5 f6 $11) 17... O-O) 17. Ne4 ({Better is} 17. b4 $1 $14 Nb3 18. Rad1) 17... Nb3 $15 18. Qc3 $1 {[%emt 0:00:18] Inhibits Nd4.} f6 (18... Nd4 $1 $15 19. Rfe1 f6) 19. Ra4 (19. Bh3 $5 Bxh3 20. Qxb3+ Rf7 21. Rfd1 $11) 19... Rfe8 20. Nc4 Nd4 (20... Bxc4 $2 21. Bxe5 (21. Rxc4 Nxa5 22. Ra4 b6 $18) 21... Qxe5 22. Qxc4+ Kh8 23. Qxb3 $18) 21. Re1 Kh8 (21... Bxc4 22. Bxe5 (22. Rxc4 Nb5 $18) 22... Qxe5 23. Rxc4 $14) 22. h5 (22. Ncd6 $14 Bxd6 23. Rxd4 (23. Qxd4 Bf8 $11)) 22... h6 (22... Bxc4 23. Bxe5 (23. Rxc4 Nb5 $11) 23... Qxe5 24. Rxc4 $14) (22... Nb5 $15 23. Qc1 Bxc4 24. Rxc4 (24. Qxc4 Qxa5 25. Rxa5 Nxc4 $17) 24... Qxa5 25. Bxe5 fxe5) 23. Raa1 (23. Bxe5 $1 $11 {remains equal.} fxe5 24. e3) 23... Bxc4 24. Qxc4 Nxc4 25. Bxc7 {[%emt 0:00:03] A strong pair of Bishops.} Rd7 {[%emt 0:00:00] Black is more active.} 26. Bf4 {[%emt 0:00:04] [#]} (26. Bb6 $15) 26... Nc2 $2 (26... Nxb2 27. Bh3 f5 28. Reb1 Nxe2+ 29. Kh2 Nxf4 30. gxf4 $15) ({Black should play} 26... Bb4 $1 $19 {[%cal Od7e7] Threatens to win with ...Rde7!.} 27. e3 Bxe1 28. exd4 f5 (28... Bxa5 29. b3 $17)) 27. Rad1 Rxd1 (27... Rd4 $11) 28. Rxd1 $16 {[%emt 0:00:01] aiming for Rc1.} Nb4 (28... Nxa5 $142 29. Rd7 Bf8) 29. Rd7 Nxa5 {[%emt 0:00:00] [#]} 30. Bh3 (30. Bd6 $1 $16 Bf8 (30... Bxd6 31. Nxd6 Rb8 32. Be4 $11) 31. Rf7 Bxd6 32. Nxd6) 30... Nd5 $14 31. Bc1 (31. Bd2 $14 Nc4 32. Rxb7) 31... Rd8 $11 32. Rxd8+ Bxd8 0-1

[Event "European Women Blitz-ch 2024"]
[Site "Monaco"]
[Date "2025.01.10"]
[Round "7.17"]
[White "Sliwicka, Alicja"]
[Black "Jimenez Fernandez, Rebeca"]
[Result "1-0"]
[Annotator "TA"]
[ECO "B36"]
[WhiteElo "2344"]
[BlackElo "2114"]
[PlyCount "93"]
[EventDate "2025.01.06"]
[EventType "swiss"]
[EventCountry "MNC"]
[SourceTitle "playchess.com"]
[Source "ChessBase"]
[SourceQuality "1"]
[TimeControl "180+2"]

1. e4 c5 2. Nf3 Nc6 3. d4 cxd4 4. Nxd4 g6 5. c4 Nf6 6. Nc3 d6 7. f3 Nxd4 8. Qxd4 Bg7 9. Be3 O-O 10. Qd2 Be6 11. b3 Qa5 12. Rc1 Rfc8 13. Be2 a6 14. Na4 Qxd2+ 15. Kxd2 Nd7 16. g4 Rab8 17. Nc3 b5 18. cxb5 Bxc3+ 19. Rxc3 Rxc3 (19... axb5 $14 20. Rhc1 (20. Rxc8+ Rxc8 21. Rc1 Ra8 $16) 20... Rxc3 21. Kxc3 (21. Rxc3 b4 $16) 21... b4+ 22. Kb2 f5) 20. Kxc3 $16 axb5 21. Kb4 Ne5 22. Rc1 $1 (22. Bxb5 $2 Nc6+ (22... Nxf3 23. a4 $14) 23. Kc3 Rxb5 $19) 22... Bd7 23. Rc7 Nc6+ 24. Kc3 {[%emt 0:00:03] White is much more active.} b4+ 25. Kb2 Ne5 (25... Rd8 $16 {was called for.} 26. Rb7 Be6) 26. Bd4 (26. h3 $18 {and f4 would now be decisive} Be8 27. Rxe7) 26... Nc6 27. Bf2 ({Don't play} 27. Rxd7 $6 Nxd4 28. Bc4 Kf8 $11) 27... Ne5 (27... Be8 $16 28. Bh4 Nd4) 28. Bg3 $18 Bb5 29. Bxb5 Rxb5 30. Bxe5 $1 dxe5 31. Rxe7 {[%emt 0:00:02][%mdl 4096] Endgame KR-KR. White is a pawn up.} Kg7 32. Rd7 Rb6 33. h4 Rf6 34. Rd3 h5 35. gxh5 $1 gxh5 {[%emt 0:00:01] [#]} 36. a3 $1 bxa3+ 37. Kxa3 Rf4 $2 {[%emt 0:00:06] [#]} (37... Ra6+ 38. Kb4 Ra8) 38. b4 $1 Rxh4 39. b5 Rh1 40. b6 Ra1+ 41. Kb4 {[%emt 0:00:02] White threatens b7 and mate.} Ra6 42. Kb5 Ra8 43. b7 Rb8 44. Kc6 h4 45. Rd1 h3 46. Rh1 Rh8 47. Kc7 1-0

[Event "European Women Blitz-ch 2024"]
[Site "Monaco"]
[Date "2025.01.10"]
[Round "7.18"]
[White "Kazarian, Anna-Maja"]
[Black "Garcia Martin, Marta"]
[Result "0-1"]
[Annotator "TA"]
[ECO "B08"]
[WhiteElo "2206"]
[BlackElo "2323"]
[PlyCount "84"]
[EventDate "2025.01.06"]
[EventType "swiss"]
[EventCountry "MNC"]
[SourceTitle "playchess.com"]
[Source "ChessBase"]
[SourceQuality "1"]
[TimeControl "180+2"]

1. e4 g6 2. d4 Bg7 3. Nf3 d6 4. Bc4 Nf6 5. Qe2 O-O 6. Nc3 Bg4 7. h3 Bxf3 8. Qxf3 Nc6 9. Be3 (9. Qd3 $5) 9... e5 10. dxe5 Nxe5 11. Qe2 Nxc4 (11... Nxe4 $5 12. Nxe4 Nxc4 $15) 12. Qxc4 Re8 13. O-O-O Qd7 (13... a6 $142) 14. f4 $2 (14. f3 $11) 14... Qc6 (14... Nxe4 $1 $17 15. Nxe4 Qe7) 15. Qxc6 $11 bxc6 16. e5 dxe5 17. fxe5 Rxe5 18. Bd4 Rf5 19. g4 Rf3 20. Rhf1 Rxf1 21. Rxf1 Nd5 22. Bxg7 Kxg7 {[%emt 0:00:01][%mdl 4096] Endgame KRN-KRN. Black is a pawn up.} 23. Ne4 (23. Rf3 $11) 23... Re8 $17 24. Ng5 f6 25. Nf3 Nf4 26. h4 c5 {[%emt 0:00:02] Dodges Nd4} 27. Nd2 Ng2 28. h5 Ne3 29. Re1 {[%emt 0:00:05] Strongly threatening Nc4.} Kf7 $1 30. hxg6+ hxg6 (30... Kxg6 $2 31. Nc4 $18) 31. Rg1 Rd8 $2 ({Better is} 31... Nxg4 $1 $19 {...f5 would now be deadly.} 32. Nb3 Ne5 (32... f5 $2 33. Nxc5 g5 34. a4 $19) 33. Nxc5 a5) 32. c3 (32. Rg3 $15 Re8 33. c4) 32... Rh8 {[%emt 0:00:03] Black is much more active.} 33. Ne4 c4 34. Kd2 Nd5 $1 35. Rg2 {[%emt 0:00:04] Against Rh2} (35. Rd1 $17) 35... Re8 36. Nc5 Re5 37. Rf2 {[%emt 0:00:03] [#] Prevents Nf4} (37. Re2 $17) 37... Nxc3 38. Nd7 $2 (38. Kxc3 $17 Rxc5 39. Re2) 38... Ne4+ $19 39. Ke3 Nxf2+ 40. Nxe5+ fxe5 41. Kxf2 Kf6 (41... Ke6 $142 42. Ke3 Kd5 43. b3 cxb3 44. axb3 c5 45. g5 e4 46. Ke2 Kd4 47. Kf2 e3+ 48. Kf3 Kd3 49. Kf4 e2 50. Ke5 e1=Q+ (50... e1=R+ $2 51. Kf6 $19) 51. Kd6 Kd4 52. b4 cxb4 53. Kc7 b3 54. Kd8 b2 55. Kd7 b1=Q (55... b1=R {gets mated.} 56. Kc8 Qg3 57. Kd8 Rb7 58. Ke8 Qb8#) 56. Kc8 Qe8+ 57. Kc7 Qbb8#) 42. Kf3 Kg5 0-1

[Event "European Women Blitz-ch 2024"]
[Site "Monaco"]
[Date "2025.01.10"]
[Round "8.1"]
[White "Maltsevskaya, Aleksandra"]
[Black "Ushenina, Anna"]
[Result "1-0"]
[Annotator "TA"]
[ECO "B42"]
[WhiteElo "2368"]
[BlackElo "2418"]
[PlyCount "85"]
[EventDate "2025.01.06"]
[EventType "swiss"]
[EventCountry "MNC"]
[SourceTitle "playchess.com"]
[Source "ChessBase"]
[SourceQuality "1"]
[TimeControl "180+2"]

1. e4 c5 2. Nf3 e6 3. d4 cxd4 4. Nxd4 a6 5. Bd3 Bc5 6. Nb3 Ba7 7. c4 Nc6 8. Nc3 d6 9. O-O Nf6 10. Qe2 O-O 11. Be3 Bxe3 12. Qxe3 e5 13. Nd5 Be6 14. Rad1 Nd7 15. h3 Qb8 16. f4 exf4 17. Rxf4 Qa7 18. Qxa7 Rxa7 19. Be2 Nde5 (19... Rd8 $11) 20. c5 dxc5 21. Nxc5 Raa8 (21... b5 $1 $11 {remains equal.}) 22. Nc7 $36 {[%emt 0:00:11][%mdl 2048] White is in control. White has more active pieces.} (22. Nxb7 Rfb8 23. Nc5 Rxb2 24. Bxa6 Bxd5 25. exd5 Nb4) 22... Rad8 23. N7xe6 fxe6 (23... Rxd1+ $142 24. Bxd1 fxe6 25. Rxf8+ (25. Nxe6 Rxf4 26. Nxf4 Kf7 $16) 25... Kxf8) 24. Rxf8+ Rxf8 25. Nxe6 Re8 26. Nc5 $1 Re7 27. Rd2 g6 28. Bd1 Kg7 29. Bb3 {[%emt 0:00:01] Repels Nc4} Kh6 30. Bd5 Nd8 31. Rf2 a5 32. Nb3 b6 33. Nd4 Nd7 {[%emt 0:00:08] Repels Rf6} 34. Re2 Kg7 35. a3 Nf6 {[%emt 0:00:00] [#]} 36. Ba8 (36. Kf2 $142 $1) 36... Ra7 37. Bd5 (37. Bc6 $142) 37... Re7 {[%emt 0:00:01] [#]} 38. Kf2 $1 Nf7 39. Bxf7 Nxe4+ 40. Kf3 Ng5+ 41. Kf4 Rxe2 42. Nxe2 (42. Kxg5 $2 {is the wrong capture.} Rxg2+ (42... Rxb2 $2 43. Bd5 $19) 43. Kf4 Kxf7 $19) 42... Nxf7 43. Ke4 1-0

[Event "European Women Blitz-ch 2024"]
[Site "Monaco"]
[Date "2025.01.10"]
[Round "8.2"]
[White "Kosteniuk, Alexandra"]
[Black "Zhukova, Natalia"]
[Result "1-0"]
[Annotator "TA"]
[ECO "C45"]
[WhiteElo "2484"]
[BlackElo "2306"]
[PlyCount "65"]
[EventDate "2025.01.06"]
[EventType "swiss"]
[EventCountry "MNC"]
[SourceTitle "playchess.com"]
[Source "ChessBase"]
[SourceQuality "1"]
[TimeControl "180+2"]

1. e4 e5 2. Nf3 Nc6 3. d4 exd4 4. Nxd4 Nf6 5. Nxc6 bxc6 6. Bd3 d5 7. exd5 cxd5 8. O-O Be7 9. c4 O-O 10. cxd5 Nxd5 11. Qf3 c6 12. Rd1 Qb6 13. Na3 Bxa3 14. bxa3 Be6 15. Rb1 $40 {[%emt 0:00:02][%mdl 128] Black needs to defend precisely.} Qa5 16. Bb2 {[%emt 0:00:01] This pair of bishops is nice.} Rfe8 17. Qe4 g6 (17... f5 $14 18. Qd4 Nf6) 18. Qd4 $16 f6 19. Rbc1 Rab8 (19... Qb6 $16) 20. Rxc6 $18 Bf7 21. Rcc1 (21. Bf1 $18) 21... Qb6 22. Qxb6 axb6 23. g3 b5 24. Rc5 b4 (24... Rbc8 $16 25. Rxc8 (25. Rxb5 Nc3 $16) 25... Rxc8 26. Bxb5 Rb8) 25. a4 Rec8 26. Rxc8+ Rxc8 27. a5 Ra8 28. a6 Nc3 {[%emt 0:00:03] Wards off Be4} 29. Bxc3 bxc3 30. Rc1 Rc8 $2 (30... Bxa2 31. Rxc3 Ra7) 31. Be4 Rc7 32. Bb7 {[%emt 0:00:03] Black must now prevent a7.} Rc5 33. a7 1-0

[Event "European Women Blitz-ch 2024"]
[Site "Monaco"]
[Date "2025.01.10"]
[Round "8.3"]
[White "Paehtz, Elisabeth"]
[Black "Arabidze, Meri"]
[Result "1/2-1/2"]
[Annotator "TA"]
[ECO "D02"]
[WhiteElo "2428"]
[BlackElo "2457"]
[PlyCount "96"]
[EventDate "2025.01.06"]
[EventType "swiss"]
[EventCountry "MNC"]
[SourceTitle "playchess.com"]
[Source "ChessBase"]
[SourceQuality "1"]
[TimeControl "180+2"]

1. d4 d5 2. Nf3 Nf6 3. c3 e6 4. Bf4 c5 5. e3 Nc6 6. Nbd2 cxd4 7. exd4 Nh5 8. Bg5 f6 9. Be3 Bd6 10. g3 O-O 11. Bg2 Bd7 12. O-O f5 13. Bg5 (13. Ne5 $1 $14 Be8 14. Ndf3) 13... Qe8 $11 14. Nb3 h6 (14... f4 $1 $15 {is more appropriate.}) 15. Bd2 Nf6 16. Rc1 Ne4 17. c4 dxc4 18. Rxc4 Ne7 19. Re1 Bc6 20. Nc5 Bd5 21. Rc1 Rd8 (21... Bxa2 22. b3 (22. Nxe4 fxe4 23. Rxe4 Bd5 $11) (22. Nxb7 Bd5 $14) 22... Bxc5 23. dxc5 $16) 22. Nd3 Nc6 23. Bf4 Bb4 (23... Bxa2 $15 24. b3 Bxf4 25. Nxf4 e5) 24. Re2 {[%emt 0:00:26][%cal Oc1c6] Strongly threatening Rxc6!.} a5 (24... Bxa2 $2 25. Rxc6 bxc6 26. Nxb4 $18) 25. a3 Be7 26. Nde5 Bf6 27. Nxc6 Bxc6 28. Be5 Bd5 29. Bxf6 Nxf6 30. Ne5 Bxg2 31. Kxg2 Qb5 32. Nf3 Ne4 33. Rec2 Rd7 34. Qf1 Qd5 35. Qc4 Rfd8 36. Qxd5 Rxd5 37. Rc7 R5d7 38. Ne5 Rxc7 (38... Rxd4 {with more complications.} 39. Rxb7 Rd2 40. Kf3 Rxf2+ 41. Ke3 Kh7) 39. Rxc7 Rxd4 $15 {[%emt 0:00:02][%mdl 4096] Endgame KRN-KRN. Black is a pawn up.} 40. Rc8+ (40. Nf3 $11 {keeps the balance.} Rd5 41. Rxb7) 40... Kh7 $17 {[%emt 0:00:01] and ...Rd2 should not be overlooked} 41. h4 {[%emt 0:00:01] [#]} (41. Rc2 $142) 41... h5 ({Don't do} 41... Rd2 42. h5 Nf6 (42... Rxb2 $2 {loses.} 43. Ng6 $18) (42... Rxf2+ 43. Kg1 $11) 43. Rb8 $15) (41... Rd5 $142 $1 42. Nc4 a4) 42. Nf3 Rd1 ({Black should play} 42... Rd3 $17 43. Re8 Rb3 44. Rxe6 Rxb2 45. Ng5+ Nxg5 46. hxg5 a4) 43. Rc7 b5 44. Rb7 Rd5 45. Re7 (45. Rb6 $11) 45... Rd6 46. Rb7 Rd5 47. Re7 Rd6 48. Rb7 Rd5 1/2-1/2